 Dungeon Crawl Stone Soup version 0.21.1-1-g345015fe64 (webtiles) character file.

2908 Naru the Chopper (level 9, -3/71 HPs)
             Began as a Merfolk Skald on June 23, 2018.
             Was an Elder of Okawaru.
             Killed from afar by a hell hound (10 damage)
             ... with a blast of flame
             ... on level 8 of the Dungeon.
             The game lasted 00:20:02 (7871 turns).

Naru the Chopper (Merfolk Skald)                    Turns: 7871, Time: 00:20:03

Health: -3/71      AC: 15    Str: 13    XL:     9   Next: 78%
Magic:  13/13      EV:  7    Int: 14    God:    Okawaru [****..]
Gold:   480        SH:  0    Dex: 13    Spells: 13/14 levels left

rFire    . . .     SeeInvis .   e - +2 battleaxe (flame)
rCold    . . .     Gourm    .   (shield currently unavailable)
rNeg     . . .     Faith    .   n - +0 chain mail
rPois    .         Spirit   .   (no helmet)
rElec    .         Reflect  .   g - scarf {repulsion}
rCorr    .         Harm     .   (no gloves)
MR       +....                  (no boots)
Stlth    ..........             (no amulet)
HPRegen  0.21/turn              r - ring of protection from magic
MPRegen  0.13/turn              o - +6 ring of protection

@: very slightly contaminated, repel missiles
A: change form in water, swift swim, stealthy swim
a: Heroism, Renounce Religion


You were on level 8 of the Dungeon.
You worshipped Okawaru.
Okawaru was greatly pleased with you.
You were not hungry.

You visited 1 branch of the dungeon, and saw 8 of its levels.

You collected 480 gold pieces.

Inventory:

Hand Weapons
 e - a +2 battleaxe of flaming (weapon)
Armour
 g - a scarf of repulsion (worn)
 n - a +0 chain mail (worn)
Jewellery
 a - an uncursed ring of flight
 o - a +6 ring of protection (right hand)
 q - an uncursed ring of see invisible
 r - a ring of protection from magic (left hand)
 w - an uncursed ring of protection from fire
Wands
 i - a wand of acid (7)
 j - a wand of iceblast (6)
 s - a wand of flame (23)
Scrolls
 m - a scroll of fog
 p - 4 scrolls of teleportation
 t - a scroll of blinking
 y - a scroll of fear
 z - a scroll of remove curse
 A - a scroll of identify
Potions
 b - a potion of cancellation
 f - 3 potions of magic
 h - 2 potions of agility
 u - 2 potions of brilliance
 v - a potion of curing {unknown}
 x - a potion of lignification {unknown}
 C - a potion of ambrosia {unknown}
Books
 c - a book of Battle

   Spells                             Type                      Level
   a - Infusion                       Charms                       1
   b - Shroud of Golubria             Charms/Translocation         2
   c - Song of Slaying                Charms                       2
   d - Spectral Weapon                Hexes/Charms                 3
   e - Regeneration                   Charms/Necromancy            3
 l - a book of Frost

   Spells                             Type                      Level
   a - Freeze                         Ice                          1
   b - Throw Frost                    Conjuration/Ice              2
   c - Ozocubu's Armour               Charms/Ice                   3
   d - Throw Icicle                   Conjuration/Ice              4
   e - Summon Ice Beast               Ice/Summoning                4
Comestibles
 d - 7 rations


   Skills:
 * Level 6.7 Fighting
   Level 2.3 Long Blades
 + Level 7.4 Axes
 * Level 4.8 Armour
 - Level 3.5 Dodging
 - Level 1.1 Stealth
 + Level 3.2 Spellcasting
 + Level 4.2 Charms


You had 13 spell levels left.
You knew the following spells:

 Your Spells              Type           Power        Failure   Level  Hunger
a - Infusion              Chrm           ##..         67%         1    #......


Dungeon Overview and Level Annotations

Branches:
Dungeon (8/15)             Temple (0/1) D:6            Lair (0/6) D:8

Altars:
Dithmenos
Fedhas
Nemelex Xobeh
Okawaru
The Shining One

Shops:
D:5 ==!:*   D:6 [


Message History

The hell hound bites you but does no damage.
The phantom blinks!
You slash the hell hound!
The hell hound is severely wounded.
The hell hound bites you.
* * * LOW HITPOINT WARNING * * *
The hell hound completely misses you.
Okay, then.
Okay, then.
Blink to where?
Press: ? - help, Dir - move target cursor
As you read the scroll of blinking, it crumbles to dust.
The phantom blinks!
The phantom blinks!
The hell hound bites you but does no damage.
Things that are here:
a trident; an orc corpse The hell hound breathes flames at you.
The blast of flame hits you!
You die...

#.##.......#
#[##.......#
#.)...######
####..# #..# #..#
#..# #..##########
#..h)@....)<#
#.#################
#.[....<..........#
#################.#
#......=.<#.#
#.######..#.# #.#
#..#.#
#.#########.#
#...........#


You could see a hell hound.

Vanquished Creatures
  Pikel (D:5)
  Prince Ribbit (D:8)
  2 vampire mosquitoes (D:8)
  An orc warrior (D:8)
  An ice beast (D:7)
  A sky beast (D:5)
  A necrophage (D:7)
  3 centaurs
  2 ogres
  A bullfrog (D:8)
  A scorpion (D:4)
  A howler monkey (D:7)
  A centaur zombie (D:7)
  A crimson imp (D:5)
  A bullfrog zombie (D:6)
  A bullfrog skeleton (D:7)
  5 hounds
  2 orc priests
  3 jellies (D:8)
  8 orc wizards
  Terence (D:3)
  A centaur skeleton (D:5)
  5 worker ants
  A worker ant zombie (D:4)
  4 gnolls (D:6)
  10 adders
  2 shadow imps
  An adder zombie (D:6)
  An adder skeleton (D:6)
  3 worms
  2 leopard geckos (D:5)
  29 orcs
  5 bats
  9 giant cockroaches
  7 hobgoblins
  9 jackals
  6 kobolds
  2 quokkas
  2 ball pythons
  4 frilled lizards
  4 goblins
  A jackal skeleton (D:6)
  A quokka skeleton (D:8)
  7 rats
155 creatures vanquished.

Vanquished Creatures (others)
  A crimson imp (D:5)
  A worker ant (D:5)
  2 orcs
4 creatures vanquished.

Grand Total: 159 creatures vanquished

Notes
Turn   | Place    | Note
-------+----------+-------------------------------------------
     0 | D:1      | Naru the Merfolk Skald began the quest for the Orb.
     0 | D:1      | Reached XP level 1. HP: 16/16 MP: 3/3
   151 | D:1      | Reached XP level 2. HP: 21/22 MP: 5/5
   728 | D:2      | Reached skill level 1 in Armour
  1333 | D:2      | Found an iron altar of Okawaru.
  1346 | D:2      | Reached XP level 3. HP: 14/27 MP: 6/6
  1405 | D:2      | Became a worshipper of Warmaster Okawaru
  1723 | D:3      | Found a shadowy altar of Dithmenos.
  2115 | D:3      | Reached skill level 1 in Axes
  2127 | D:3      | Reached XP level 4. HP: 29/34 MP: 7/7
  2156 | D:3      | Found a faded altar of an unknown god.
  2409 | D:3      | Noticed Terence
  2483 | D:3      | Killed Terence
  2678 | D:3      | Reached skill level 2 in Axes
  2678 | D:3      | Reached XP level 5. HP: 35/39 MP: 9/9
  3198 | D:4      | Reached skill level 1 in Stealth
  3198 | D:4      | Reached XP level 6. HP: 44/46 MP: 4/10
  3363 | D:4      | Found a sparkling altar of Nemelex Xobeh.
  3371 | D:4      | Reached * piety under Okawaru
  3371 | D:4      | Reached skill level 3 in Axes
  3737 | D:5      | Entered Level 5 of the Dungeon
  3872 | D:5      | Found Yghuyl's Book Emporium.
  3918 | D:5      | Reached XP level 7. HP: 40/52 MP: 11/11
  3938 | D:5      | Found Deikhley's Distillery.
  3984 | D:5      | Found Ocegy's General Store.
  3996 | D:5      | Reached skill level 4 in Axes
  4164 | D:5      | Noticed Pikel
  4182 | D:5      | Killed Pikel
  4182 | D:5      | Reached ** piety under Okawaru
  4182 | D:5      | Reached skill level 5 in Fighting
  4182 | D:5      | Reached skill level 5 in Axes
  4182 | D:5      | Reached XP level 8. HP: 38/62 MP: 12/12
  4489 | D:5      | Found Orin's Jewellery Shoppe.
  4501 | D:5      | Found Ajerelae's Jewellery Shop.
  5454 | D:6      | Found a glowing golden altar of the Shining One.
  5593 | D:6      | Found a staircase to the Ecumenical Temple.
  5783 | D:6      | Reached skill level 6 in Axes
  5954 | D:6      | Found Cupnats's Antique Armour Shop.
  6133 | D:7      | Reached XP level 9. HP: 47/69 MP: 13/13
  6335 | D:7      | Reached *** piety under Okawaru
  6625 | D:7      | Found a blossoming altar of Fedhas.
  7407 | D:8      | Reached skill level 7 in Axes
  7428 | D:8      | Noticed Prince Ribbit
  7454 | D:8      | Killed Prince Ribbit
  7760 | D:8      | Found a staircase to the Lair.
  7849 | D:8      | Reached **** piety under Okawaru
  7871 | D:8      | Killed from afar by a hell hound

Skill      XL: |  1  2  3  4  5  6  7  8  9 |
---------------+----------------------------+-----
Armour         | 1 2 3 4 |  4.8
Dodging        | 3 |  3.5
Axes           | 1 2 3 5 6 7 |  7.4
Charms         | 4 |  4.2
Stealth        | 1 |  1.1
Spellcasting   | 3 |  3.2
Fighting       | 3 5 6 |  6.7
Long Blades    | |  2.3

Action                   |  1- 3 |  4- 6 |  7- 9 || total
-------------------------+-------+-------+-------++-------
Melee: Falchion          |    34 |       |       ||    34
       Battleaxe         |    51 |   129 |   320 ||   500
 Cast: Infusion          |     3 |     2 |     4 ||     9
  Use: Scroll            |     3 |     5 |     7 ||    15
       Potion            |       |       |     4 ||     4
 Stab: Sleeping          |       |     2 |       ||     2
  Eat: Chunk             |     4 |     4 |     9 ||    17
       Ration            |       |     1 |     1 ||     2
Armor: Leather armour    |    11 |       |       ||    11
       Robe              |    12 |    20 |       ||    32
       Chain mail        |       |    67 |   285 ||   352
Dodge: Dodged            |    75 |    98 |   157 ||   330
       Deflected         |       |       |     9 ||     9
       Rpst.: Falchion   |     9 |       |       ||     9
